 Dungeon Crawl Stone Soup version 0.31-a0-702-gf82c85558f (webtiles) character file.

Game seed: 10889130718931836315

231 qw the Shooter (level 6, -4/37 HPs)
             Began as a Gargoyle Hunter on Sept 8, 2023.
             Slain by an ogre
             ... wielding a +0 giant spiked club
              (14 damage)
             ... on level 4 of the Dungeon.
             The game lasted 00:00:57 (3018 turns).

qw the Shooter (Gargoyle Hunter)                    Turns: 3018, Time: 00:00:58

Health: -4/37      AC: 10    Str: 14    XL:     6   Next: 3%
Magic:  6/6        EV: 10    Int: 10    God:
Gold:   197        SH:  5    Dex: 15    Spells: 5/5 levels left

rFire   . . .        Y - +1 shortbow
rCold   . . .        (shield currently unavailable)
rNeg    + . .        j - +0 ring mail
rPois   inf          (no helmet)
rElec   +            (no cloak)
rCorr   .            h - +0 pair of gloves
SInv    .            (no boots)
Will    .....        d - amulet of reflection
Stlth   +            (no ring)
HPRegen 0.26/turn    (no ring)
MPRegen 0.10/turn

%: reflection
@: no status effects
A: sickness immunity, AC +4, negative energy resistance 1, electricity
resistance, torment resistance 1, petrification resistance
a: no special abilities


You were on level 4 of the Dungeon.
You visited 1 branch of the dungeon, and saw 4 of its levels.
You also visited: Sewer.

You collected 197 gold pieces.


Innate Abilities, Weirdness & Mutations

You are immune to sickness and miasma.
Your stone body is resilient. (AC +4)
You are immune to poison.
You resist negative energy. (rN+)
You are resistant to electric shocks. (rElec)
You are resistant to unholy torment.
You are immune to petrification.


   Skills:
 + Level 3.2 Fighting
 - Level 6.5 Ranged Weapons
 - Level 1.1 Armour
 - Level 1.5 Dodging
 - Level 1.1 Stealth


You had 5 spell levels left.
You didn't know any spells.
Your spell library was empty.

Inventory:

Hand Weapons
 Y - a +1 shortbow (weapon)
Armour
 h - a +0 pair of gloves (worn)
 j - a +0 ring mail (worn)
Jewellery
 d - an amulet of reflection (around neck)
Scrolls
 b - a scroll of identify
Potions
 a - a potion of curing
 e - a potion of enlightenment {unknown}
 f - a potion of might
 k - a potion of attraction {unknown}

Dungeon Overview and Level Annotations

Branches:
Dungeon (4/15)              Sewer (visited)
 Temple: D:4-7

Altars:
Elyvilon
Makhleb
Yredelemnul
The Shining One


Message History

You block the stone with an invisible shield... and reflect it back!
The stone misses the kobold.
You shoot an arrow. The arrow hits the kobold.
You kill the kobold!
Done exploring.
What level of the Dungeon? (default 4, ? - help)
There is a stone staircase leading down here.
You climb downwards.
The hobgoblin shouts!
There is a stone staircase leading up here.
A hobgoblin is nearby!
Waypoint 4 assigned to D:4.
You shoot an arrow. The arrow hits the hobgoblin!
You kill the hobgoblin!
You see here a hobgoblin corpse.
An ufetubus comes into view.
The ufetubus shouts!
You hear a shout!
You shoot an arrow. The arrow hits the ufetubus.
The ufetubus is almost dead.
An ogre comes into view. It is wielding a +0 giant spiked club.
You shoot an arrow. The arrow barely misses the ufetubus.
You shoot an arrow.
The arrow hits the ufetubus but does no damage.
The ufetubus is almost dead.
The ufetubus hits you but does no damage. x2
You shoot an arrow. The arrow hits the ufetubus.
You kill the ufetubus!
You shoot an arrow. The arrow hits the ogre.
The ogre is lightly wounded.
The ogre closely misses you.
You shoot an arrow. The arrow hits the ogre.
The ogre is moderately wounded.
You shoot an arrow.
The arrow hits the ogre but does no damage.
The ogre is moderately wounded.
The ogre hits you with a +0 giant spiked club!!
Ouch! That really hurt!
You shoot an arrow. The arrow hits the ogre!
The ogre is heavily wounded.
The ogre hits you with a +0 giant spiked club!
You die...

#.#.......# ##
#.#.#.....####
...
#.#...<....... ..
#..%......###.
#.#####.#.#.....#
#.......#.#######
####.####.# #.#
#.# #@# #.# #O#
#.. #.# ### #.#
#?. ... #.. #..#


You could see an ogre.

Vanquished Creatures
  A water moccasin (Sewer)
  4 adders
  An ufetubus (D:4)
  4 dart slugs
  7 ball pythons
  7 endoplasms
  3 giant cockroaches
  4 goblins
  8 hobgoblins
  4 jackals (D:1)
  2 kobolds
  5 quokkas
  14 bats
  5 frilled lizards
  5 rats
74 creatures vanquished.

Notes
Turn   | Place    | Note
-------+----------+-------------------------------------------
     0 | D:1      | qw the Gargoyle Hunter began the quest for the Orb.
     0 | D:1      | Reached XP level 1. HP: 12/12 MP: 1/1
     0 | D:1      | 0 ||| qw: Version: 0.3-a-76-g4403597
     0 | D:1      | 0 ||| qw: Game counter: 1202
     0 | D:1      | 0 ||| qw: Melee chars always use a shield: true
     0 | D:1      | 0 ||| qw: God list: Okawaru
     0 | D:1      | 0 ||| qw: Allow faded altars: false
     0 | D:1      | 0 ||| qw: Do Orc after clearing Dungeon:15 true
     0 | D:1      | 0 ||| qw: Do second Lair branch before Depths: true
     0 | D:1      | 0 ||| qw: Lair rune preference: random
     0 | D:1      | 0 ||| qw: Goals: Normal
     0 | D:1      | 0 ||| PLANNING D:1-11
   341 | D:1      | Reached XP level 2. HP: 17/17 MP: 2/2
   939 | D:1      | 939 ||| UPGRADING to +0 pair of gloves.
   944 | D:1      | 944 ||| READING scroll labelled POOBIUH LIGIH.
   945 | D:1      | 945 ||| READING scroll labelled OPTATWI PUTEADGH.
   946 | D:1      | 946 ||| READING scroll labelled LUG VUPNIOTHRUMN.
   947 | D:1      | 947 ||| READING scroll labelled ITWOOSHRI AZEG.
   948 | D:1      | 948 ||| DROPPING scroll of butterflies.
   980 | D:2      | 980 ||| STAIRDANCE
  1021 | D:2      | Reached XP level 3. HP: 20/21 MP: 3/3
  1021 | D:2      | 1021 ||| STAIRDANCE
  1033 | D:1      | Reached skill level 5 in Ranged Weapons
  1046 | D:2      | 1046 ||| STAIRDANCE
  1083 | D:2      | Found a glowing golden altar of the Shining One.
  1314 | D:2      | Reached skill level 3 in Fighting
  1370 | D:2      | Reached XP level 4. HP: 28/28 MP: 4/4
  1792 | D:2      | 1792 ||| READING 2 scrolls labelled JAEMANNIATA.
  1793 | D:2      | 1793 ||| READING scroll labelled XIACLY HOXI.
  1794 | D:2      | 1794 ||| DRINKING 2 metallic emerald potions.
  1830 | D:3      | 1830 ||| PLANNING SEWER
  1971 | D:3      | Found a glowing drain.
  1984 | Sewer    | Entered a sewer
  2013 | Sewer    | Noticed a water moccasin
  2019 | Sewer    | Killed a water moccasin
  2020 | Sewer    | Reached skill level 6 in Ranged Weapons
  2020 | Sewer    | Reached XP level 5. HP: 24/32 MP: 5/5
  2084 | Sewer    | 2084 ||| UPGRADING to amulet of reflection.
  2089 | Sewer    | 2089 ||| READING 2 scrolls of identify.
  2089 | Sewer    | 2089 ||| IDENTIFYING murky emerald potion
  2098 | D:3      | 2098 ||| PLANNING D:1-11
  2290 | D:3      | Found a faded altar of an unknown god.
  2337 | D:3      | Reached skill level 1 in Armour
  2470 | D:3      | Found a faded altar of an unknown god.
  2470 | D:3      | Found a burning altar of Makhleb.
  2477 | D:3      | Found a basalt altar of Yredelemnul.
  2481 | D:3      | Found a faded altar of an unknown god.
  2483 | D:3      | Found a white marble altar of Elyvilon.
  2842 | D:3      | Reached XP level 6. HP: 37/37 MP: 6/6
  2893 | D:3      | 2893 ||| UPGRADING to +0 ring mail.
  2903 | D:3      | 2903 ||| DROPPING +0 leather armour.
  2904 | D:3      | 2904 ||| READING scroll labelled GILOJ MEAFFI.
  2905 | D:3      | 2905 ||| READING scroll labelled ECREUHAANG.
  3017 | D:4      | HP: 9/37 [ogre/+0 giant spiked club (28)]
  3018 | D:4      | Slain by an ogre

Levels and vault maps discovered:
D:1:      dpeg_arrival_snail, layout_basic
D:2:      layout_basic, basic_altar, chequers_serial_rivers_micro_e,
          palyth_stone_intersect
D:3:      layout_loops_corners, chequers_temple_overflow_minitemple,
          dreamdust_ecumenical_altar_hidden_monk_grotto, portal_sewer_entry_a,
          due_unseen_surprise
D:4:      layout_loops_ring, temple_hall_moat, kennysheep_generic_room_12

Skill      XL: |  1  2  3  4  5 |
---------------+----------------+-----
Ranged Weapons | 5 6 |  6.5
Fighting       | 3 |  3.2
Armour         | 1 |  1.1
Dodging        | |  1.5
Stealth        | |  1.1

Action                     |  1- 3 |  4- 6 || total
---------------------------+-------+-------++-------
   Fire: Shortbow          |   120 |    82 ||   202
    Use: Scroll            |     4 |     5 ||     9
         Potion            |       |     1 ||     1
 Armour: Leather armour    |    48 |    13 ||    61
         Ring mail         |       |     4 ||     4
  Dodge: Dodged            |    45 |    15 ||    60
  Block: Other             |       |     2 ||     2
         Reflection        |       |     1 ||     1

Table legend:
 A = Non-vault XP
 B = Vault XP
 C = Vault XP percentage of total XP
 D = Non-vault monster count
 E = Vault monster count
 F = Vault count percentage of total count
                 A         B        C        D         E       F
            +---------+---------+-------+---------+---------+-------
      Total |     167 |     163 |  49.4 |      63 |      11 |  14.9
            +---------+---------+-------+---------+---------+-------
        D:1 |      42 |       0 |   0.0 |      22 |       0 |   0.0
        D:2 |      56 |       0 |   0.0 |      24 |       0 |   0.0
        D:3 |      59 |       9 |  13.2 |      15 |       5 |  25.0
        D:4 |      10 |       0 |   0.0 |       2 |       0 |   0.0
      Sewer |       0 |     154 | 100.0 |       0 |       6 | 100.0
            +---------+---------+-------+---------+---------+-------
